 Dungeon Crawl Stone Soup version 0.24-a0-537-g2d01d4ab0a (webtiles) character file.

Game seed: 1415892347455335943

235 Heliosone the Skirmisher (level 6, -6/44 HPs)
             Began as an Octopode Fighter on Aug 13, 2019.
             Mangled by an ice beast (11 damage)
             ... on level 3 of the Dungeon.
             The game lasted 00:07:20 (3957 turns).

Heliosone the Skirmisher (Octopode Fighter)         Turns: 3957, Time: 00:07:21

Health: -6/44      AC:  1    Str: 16    XL:     6   Next: 5%
Magic:  6/6        EV: 12    Int: 11    God:
Gold:   73         SH:  9    Dex: 12    Spells: 5/5 levels left

rFire    . . .     SeeInvis .   a - +0 trident
rCold    . . .     Gourm    .   b - +0 shield
rNeg     . . .     Faith    .   (helmet restricted)
rPois    .         Spirit   .   (no amulet)
rElec    .         Reflect  .   (no ring)
rCorr    .         Harm     .   (no ring)
MR       .....                  (no ring)
Stlth    ++........             (no ring)
HPRegen  0.14/turn              (no ring)
MPRegen  0.10/turn              (no ring)
                                (no ring)
                                (no ring)

@: no status effects
A: almost no armour, stealthy swim, amphibious, 8 rings, constrict 8, camouflage
1, gelatinous body 1
a: no special abilities


You were on level 3 of the Dungeon.
You were not hungry.

You visited 1 branch of the dungeon, and saw 4 of its levels.

You collected 73 gold pieces.

Inventory:

Hand Weapons
 a - a +0 trident (weapon)
Armour
 b - a +0 shield (worn)
Scrolls
 f - 3 scrolls of remove curse {unknown}
 i - a scroll of enchant armour {unknown}
 j - 3 scrolls of teleportation {unknown}
 k - 4 scrolls of identify {unknown}
 n - a scroll of enchant weapon {unknown}
Potions
 c - a potion of might
 e - a potion of invisibility {unknown}
 g - a potion of curing {unknown}
 h - a potion of heal wounds {unknown}
 m - a potion of flight {unknown}
 o - a potion of cancellation {unknown}
Comestibles
 d - 6 rations
 l - 2 chunks of flesh


   Skills:
 + Level 4.5 Fighting
 + Level 3.8 Polearms
 - Level 3.0 Dodging
 + Level 4.4 Shields


You had 5 spell levels left.
You didn't know any spells.
Your spell library contained the following spells:

 Spells                   Type           Power        Failure   Level  Hunger
 Confusing Touch          Hex            #.....       80%         1    ##.....
 Confuse                  Hex            #.......     99%         3    ####...
 Gell's Gravitas          Tloc           #.........   99%         3    ####...
 Petrify                  Tmut/Erth      #.......     100%        4    #####..
 Metabolic Englaciation   Hex/Ice        #.........   100%        5    ######.
 Yara's Violent Unravell  Hex/Tmut       #.........   100%        5    ######.


Dungeon Overview and Level Annotations

Branches:
Dungeon (4/15)
 Temple: D:4-7

Altars:
Ashenzari
Cheibriados
Gozag
Nemelex Xobeh
Okawaru
Uskayaw
Xom

Shops:
D:2 *


Innate Abilities, Weirdness & Mutations

You cannot wear most types of armour.
You are very stealthy in the water. (Stealth+)
You are amphibious.
You can wear up to eight rings at the same time.
You can use your tentacles to constrict eight enemies at once.
Your skin changes colour to match your surroundings (Stealth+).
Your rubbery body absorbs attacks. (AC +1, EV +1)


Message History

You closely miss the ice beast.
The ice beast is heavily wounded.
You block the ice beast's attack. The ice beast closely misses you.
You hit the ice beast.
The ice beast is severely wounded.
The ice beast hits you.
* * * LOW HITPOINT WARNING * * *
The ice beast freezes you.
* * * LOW HITPOINT WARNING * * *
There is a stone staircase leading up here.
You block the ice beast's attack.
You climb upwards.
There is a stone staircase leading down here.
An ice beast is nearby!
Evoke which item? (* to show all) (? for menu, Esc to quit)
Okay, then.
The ice beast hits you.
* * * LOW HITPOINT WARNING * * *
The ice beast freezes you!
You die...

#.........###....#.....#.#.#
#.........# ##.#.#.........#
#.........# #.#.#......#.##
#.........####...#.....)#.##
###.........######......#.##
#.........'....'.....##..#
#.........######.....#....
#.......Y.####<#.....#.#..
#........@.....#.....#.##.
#.........####.#######.##.
#.........# #.# #.##.
######################....
######...รท........#.#
#......#.##########..
#........# #.# #......#.####
##### #......#....#####....


You could see an ice beast.

Vanquished Creatures
  Robin (D:2)
  7 gnolls
  4 adders
  An ooze (D:3)
  3 worms
  2 dart slugs
  2 leopard geckos
  8 orcs (D:3)
  3 giant cockroaches
  15 goblins
  9 hobgoblins
  2 jackals (D:1)
  12 kobolds
  A quokka (D:2)
  9 bats
  5 frilled lizards
  17 rats
101 creatures vanquished.

Vanquished Creatures (others)
  A plant (D:1)
1 creature vanquished.

Grand Total: 102 creatures vanquished

Notes
Turn   | Place    | Note
-------+----------+-------------------------------------------
     0 | D:1      | Heliosone the Octopode Fighter began the quest for the Orb.
     0 | D:1      | Reached XP level 1. HP: 16/16 MP: 1/1
    95 | D:1      | Reached XP level 2. HP: 16/21 MP: 2/2
   666 | D:1      | Reached XP level 3. HP: 17/26 MP: 3/3
  1709 | D:2      | Noticed Robin
  1730 | D:2      | Reached XP level 4. HP: 33/33 MP: 4/4
  2263 | D:1      | Reached XP level 5. HP: 34/37 MP: 5/5
  2297 | D:2      | Killed Robin
  2501 | D:2      | Found Gozag's Platinum Reserve.
  2501 | D:2      | Found an opulent altar of Gozag.
  2581 | D:2      | Found a shimmering altar of Xom.
  2581 | D:2      | Found a hide-covered altar of Uskayaw.
  2760 | D:3      | Found an iron altar of Okawaru.
  3635 | D:3      | Found a snail-covered altar of Cheibriados.
  3637 | D:3      | Found a sparkling altar of Nemelex Xobeh.
  3640 | D:3      | Found a shattered altar of Ashenzari.
  3726 | D:3      | Reached XP level 6. HP: 35/44 MP: 6/6
  3935 | D:4      | Noticed an ice beast
  3957 | D:3      | Mangled by an ice beast

Levels and vault maps discovered:
D:1:      evilmike_arrival_home_sweet_home, layout_rooms, chequers_mini_garden,
          serial_park_tiny_1, minivault_26, grunt_decor_resistance,
          minmay_misc_feat_tiny, minivault_19, lexackson_kobold_supper
D:2:      layout_basic, nicolae_gozag_zags_fifth_avenue,
          gammafunk_temple_overflow_wave, minmay_misc_feat_rows, uniq_robin
D:3:      layout_basic, okawaru_trees_2, grunt_temple_overflow_open,
          minmay_vboxes
D:4:      layout_basic, gammafunk_temple_overflow_claw, trog_eyes_of_draining,
          cheibrodos_sewer_entry_drain

Skill      XL: |  1  2  3  4 |
---------------+-------------+-----
Polearms       | 3 |  3.8
Fighting       | 4 |  4.5
Shields        | 4 |  4.4
Dodging        | |  3.0

Action                   |  1- 3 |  4- 6 || total
-------------------------+-------+-------++-------
Melee: Trident           |    87 |   147 ||   234
       Constrict         |    20 |    28 ||    48
       Tentacles         |     9 |    19 ||    28
 Stab: Sleeping          |     5 |     8 ||    13
  Eat: Chunk             |     2 |     8 ||    10
Armor: Skin              |     5 |    10 ||    15
Dodge: Dodged            |    30 |    40 ||    70
Block: Shield            |    32 |    44 ||    76

Table legend:
 A = Non-vault XP
 B = Vault XP
 C = Vault XP percentage of total XP
 D = Non-vault monster count
 E = Vault monster count
 F = Vault count percentage of total count
                 A         B        C        D         E       F
            +---------+---------+-------+---------+---------+-------
      Total |     269 |      67 |  19.9 |      75 |      26 |  25.7
            +---------+---------+-------+---------+---------+-------
        D:1 |      31 |      18 |  36.7 |      19 |      12 |  38.7
        D:2 |     122 |      26 |  17.6 |      26 |       7 |  21.2
        D:3 |     116 |      23 |  16.5 |      30 |       7 |  18.9
            +---------+---------+-------+---------+---------+-------
